 Dungeon Crawl Stone Soup version 0.28-a0-313-gbc0475efdd (webtiles) character file.

Game seed: 7637302625053724925

46 bande the Shield-Bearer (level 3, -3/24 HPs)
             Began as a Gargoyle Fighter on Aug 31, 2021.
             Slain by Terence (7 damage)
             ... on level 2 of the Dungeon.
             The game lasted 00:03:08 (1700 turns).

bande the Shield-Bearer (Gargoyle Fighter)          Turns: 1700, Time: 00:03:09

Health: -3/24      AC: 12    Str: 19    XL:     3   Next: 68%
Magic:  3/3        EV:  5    Int:  8    God:
Gold:   91         SH:  8    Dex: 10    Spells: 2/2 levels left

rFire   . . .      SeeInvis .   a - +0 war axe
rCold   . . .      Faith    .   c - +0 kite shield
rNeg    + . .      Spirit   .   m - +0 chain mail
rPois   ∞          Reflect  .   (no helmet)
rElec   +          Harm     .   (no cloak)
rCorr   .          Rampage  .   (no gloves)
Will    .....                   (no boots)
Stlth   ..........              (no amulet)
HPRegen 0.08/turn               (no ring)
MPRegen 0.08/turn               (no ring)

@: no status effects
A: sickness immunity, AC +3, negative energy resistance 1, electricity
resistance, torment resistance 1, petrification resistance
a: no special abilities


You were on level 2 of the Dungeon.
You visited 1 branch of the dungeon, and saw 2 of its levels.

You collected 91 gold pieces.

Inventory:

Hand Weapons
 a - a +0 war axe (weapon)
Armour
 c - a +0 kite shield (worn)
 m - a +0 chain mail (worn)
Jewellery
 i - a +6 ring of intelligence
Scrolls
 b - a scroll of teleportation
Potions
 d - a potion of might
 e - a potion of flight
 f - a potion of curing


   Skills:
 + Level 3.8 Fighting
 + Level 2.2 Axes
 + Level 3.6 Armour
 + Level 3.9 Shields


You had 2 spell levels left.
You didn't know any spells.
Your spell library was empty.

Dungeon Overview and Level Annotations

Branches:
Dungeon (2/15)

Altars:

Annotations:
D:2 Terence


Innate Abilities, Weirdness & Mutations

You are immune to sickness and miasma.
Your stone body is resilient. (AC +3)
You are immune to poison.
You resist negative energy. (rN+)
You are resistant to electric shocks. (rElec)
You are resistant to unholy torment.
You are immune to petrification.


Message History

You are too injured to fight recklessly!
You are too injured to fight recklessly!
You are too injured to fight recklessly!
You are too injured to fight recklessly!
You are too injured to fight recklessly!
You barely miss Terence.
Terence is severely wounded.
Terence barely misses you. Terence hits you but does no damage.
You hit Terence.
Terence is severely wounded.
Terence hits you but does no damage. x2
You barely miss Terence.
Terence is severely wounded.
Terence barely misses you.
You hit Terence but do no damage.
Terence is severely wounded.
Terence closely misses you. Terence says, "Did you write a will?
You should..."
You block Terence's attack.
You hit Terence but do no damage.
Terence is severely wounded.
You block Terence's attack. Terence hits you but does no damage.
You hit Terence but do no damage.
Terence is severely wounded.
Terence barely misses you.
You barely miss Terence.
Terence is severely wounded.
Terence hits you with a +0 trident.
* * * LOW HITPOINT WARNING * * *
Terence barely misses you.
You barely miss Terence.
Terence is severely wounded.
Terence closely misses you.
Your chain mail prevents you from hitting Terence.
Terence is severely wounded.
You block Terence's attack. Terence hits you but does no damage.
Terence hits you from afar with a +0 trident.
* * * LOW HITPOINT WARNING * * *
Terence hits you with a +0 trident!
You die...

###.#.# ########## ......#
......# ...)..# ......# #####
..†....... ...# .....#####
##.###### .......
...####.......######## ...>....
......@@.............###
......#.###.......##.............
......#.# #######.##........##.##
....#+# [ ..##........##..#
.####........###.#
..+...........# #.# ..
#####.......# #.# ... +.......#
#.# #.......# #..


You could see Terence.

Vanquished Creatures
  An adder (D:2)
  2 bats
  3 endoplasms
  2 giant cockroaches (D:1)
  3 goblins (D:1)
  5 hobgoblins (D:1)
  7 kobolds
  A quokka (D:1)
  2 ball pythons (D:1)
  5 frilled lizards
  2 rats (D:1)
33 creatures vanquished.

Notes
Turn   | Place    | Note
-------+----------+-------------------------------------------
     0 | D:1      | bande the Gargoyle Fighter began the quest for the Orb.
     0 | D:1      | Reached XP level 1. HP: 14/14 MP: 1/1
   350 | D:1      | Reached XP level 2. HP: 15/19 MP: 2/2
   832 | D:1      | Reached XP level 3. HP: 20/24 MP: 3/3
  1039 | D:1      | Found a faded altar of an unknown god.
  1677 | D:2      | Noticed Terence
  1700 | D:2      | Slain by Terence

Illustrated notes

Levels and vault maps discovered:
D:1:      dpeg_arrival_morbid_curiosity, layout_rooms,
          shapermc_ecumenical_altar_starsandcircs, minmay_lizard_pond
D:2:      layout_basic, serial_shops, nicolae_diamond_shop,
          grunt_decor_arrowhead, uniq_terence

Skill      XL: |  1  2 |
---------------+-------+-----
Axes           | 2 |  2.2
Fighting       | |  3.8
Armour         | |  3.6
Shields        | |  3.9

Action                   || total
-------------------------++-------
Melee: War axe           ||   136
  Use: Scroll            ||     5
       Potion            ||     3
Armor: Scale mail        ||    72
       Chain mail        ||    19
Dodge: Dodged            ||    53
Block: Kite shield       ||    63

Table legend: (Time is in decaauts)
 A = Elapsed time spent in this place.
 B = Non-inter-level travel time spent in this place.
 C = Inter-level travel time spent in this place.
 D = Time resting spent in this place.
 E = Time spent auto-exploring this place.
 F = Levels seen in this place.
 G = Mean time per level.
                   A        B        C        D        E       F      G
               +--------+--------+--------+--------+--------+-----+--------+
         Total |   1787 |   1750 |     37 |    281 |   1102 |   2 |  893.5 |
       Dungeon |   1787 |   1750 |     37 |    281 |   1102 |   2 |  893.5 |
               +--------+--------+--------+--------+--------+-----+--------+

Top non-repeatable levels by time:
     D:1: 1384 daAuts
     D:2: 402 daAuts
